AoeStats
← Ndrangheta

Nomad

508105781Analyzed
2v2 RM · 12d ago on Sep 20, 2026· 32m 22s· 4 players
Game mode
Random Map
Map size
176×176
Population
200
Speed
Normal
Resources
Standard
Victory
Conquest
Starting age
Dark Age
Ending age
Imperial Age
RankedLock teamsTeams togetherTeam positionsShared explorationLock speedFull tech treeHidden civsTurbo modeCheats
Victory
Defeat
🇦🇷 Chinese · Argentina
1370
+14
🇦🇷 Huns · Argentina
1341
+15
🇺🇸 Spanish · United States
1356
-16
🇹🇷 Italians · Türkiye
1289
-13
Seneca
4:32 Loom
15:25 Feudal Age
19:04 Castle Age
1453sultan
7:09 Loom
14:16 Feudal Age
15:34 Wheelbarrow
15:46 Town Watch
19:30 Castle Age
18:16 Double-Bit Axe
18:13 Horse Collar
24:01 Fletching
24:11 Padded Archer Armor
24:25 Elite Skirmisher
26:35 Ballistics
27:36 Leather Archer Armor
Caña con ruda
3:33 Loom
13:00 Feudal Age
18:21 Castle Age
17:32 Double-Bit Axe
17:38 Gold Mining
18:21 Fletching
18:48 Padded Archer Armor
19:28 Bow Saw
19:20 Bodkin Arrow
21:40 Town Watch
22:48 Ballistics
22:32 Fishing Lines
27:51 Thumb Ring
27:55 Horse Collar
28:50 Gold Shaft Mining
Ndrangheta
6:50 Loom
14:22 Feudal Age
19:06 Castle Age
19:05 Double-Bit Axe
19:01 Horse Collar
23:17 Fletching
24:05 Medium Warships
25:45 Bow Saw
27:15 Scale Mail Armor
30:07 Bodkin Arrow
30:50 Padded Archer Armor
Connection lost

Rejoining the realm…

Still unreachable

The connection could not be restored.

Session expired

The server has moved on; the page needs a fresh start.